 Dungeon Crawl Stone Soup version 0.29.1-1-gd02db6906a (webtiles) character file.

Game seed: 17964275323971202688

131 mtoz the Digger (level 5, 28/28 HPs)
             Began as a Gargoyle Earth Elementalist on Sept 15, 2022.
             Quit the game on level 3 of the Dungeon.
             The game lasted 00:12:26 (2189 turns).

mtoz the Digger (Gargoyle Earth Elementalist)       Turns: 2189, Time: 00:12:26

Health: 28/28      AC:  7    Str: 12    XL:     5   Next: 14%
Magic:  9/9        EV: 11    Int: 17    God:
Gold:   174        SH:  0    Dex: 10    Spells: 8/9 levels left

rFire   . . .      SeeInvis .   (no weapon)
rCold   . . .      Faith    .   (no shield)
rNeg    + . .      Spirit   .   l - +0 leather armour
rPois   ∞          Reflect  .   (no helmet)
rElec   +          Harm     .   (no cloak)
rCorr   .          Rampage  .   (no gloves)
Will    .....                   (no boots)
Stlth   ++........              (no amulet)
HPRegen 0.09/turn               (no ring)
MPRegen 0.11/turn               (no ring)

@: no status effects
A: sickness immunity, AC +4, negative energy resistance 1, electricity
resistance, torment resistance 1, petrification resistance
a: no special abilities


You were on level 3 of the Dungeon.
You visited 1 branch of the dungeon, and saw 3 of its levels.

You collected 174 gold pieces.

Inventory:

Armour
 a - a +0 robe
 d - a +0 ring mail
 l - a +0 leather armour (worn)
 o - a +0 leather armour
Scrolls
 e - 2 scrolls of identify {unknown}
 f - 2 scrolls of amnesia {unknown}
 h - a scroll of vulnerability {unknown}
 m - 2 scrolls of poison {unknown}
 n - a scroll of butterflies {unknown}
 q - 2 scrolls of enchant armour {unknown}
Potions
 b - a potion of magic
 c - a potion of might {unknown}
 g - a potion of curing {unknown}
 i - a potion of degeneration {unknown}
 j - a potion of attraction {unknown}
 k - 2 potions of brilliance {unknown}
 p - a potion of mutation {unknown}


   Skills:
 + Level 0.4 Armour
 + Level 2.3 Dodging
 + Level 3.2 Stealth
 + Level 2.7 Spellcasting
 + Level 1.7 Transmutations
 + Level 4.4 Earth Magic


You had 8 spell levels left.
You knew the following spells:

 Your Spells              Type           Power      Damage    Failure   Level
a - Sandblast             Erth           34%        2d9       3%          1

Your spell library contained the following spells:

 Spells                   Type           Power      Damage    Failure   Level
 Passwall                 Tmut/Erth      10%        N/A       10%         2
 Magic Dart               Conj           8%         1d3       22%         1
 Slow                     Hex            8%         N/A       22%         1
 Stone Arrow              Conj/Erth      18%        3d8       28%         3
 Call Imp                 Summ           2%         N/A       34%         2
 Ignite Poison            Fire/Tmut/Pois 4%         N/A       47%         3
 Petrify                  Tmut/Erth      12%        N/A       54%         4
 Confusing Touch          Hex            2%         N/A       56%         3
 Conjure Flame            Conj/Fire      2%         6-21      56%         3
 Mephitic Cloud           Conj/Pois/Air  2%         N/A       56%         3
 Vampiric Draining        Necr           2%         2d6       56%         3
 Sticky Flame             Conj/Fire      2%         2d3       92%         4
 Dispersal                Tloc           1%         N/A       100%        6
 Disjunction              Tloc           1%         N/A       100%        8


Dungeon Overview and Level Annotations

Branches:
Dungeon (3/15)

Altars:
Fedhas


Innate Abilities, Weirdness & Mutations

You are immune to sickness and miasma.
Your stone body is resilient. (AC +4)
You are immune to poison.
You resist negative energy. (rN+)
You are resistant to electric shocks. (rElec)
You are resistant to unholy torment.
You are immune to petrification.


Message History

The orc attacks as you move away! The orc hits you but does no damage.
The orc attacks as you move away! The orc barely misses you.
Aiming: Sandblast (safe; 3% risk of failure)
Press: ? - help, Q - select action Shift-Dir - straight line, f - orc
Aim: an orc, wielding a +0 short sword and wearing a +0 ring mail (severely wounded, 84% to hit)
The blast of sand misses the orc.
The orc barely misses you. The orc attacks as you move away!
The orc closely misses you.
Aiming: Sandblast (safe; 3% risk of failure)
Press: ? - help, Q - select action Shift-Dir - straight line, f/p - orc
Aim: an orc, wielding a +0 short sword and wearing a +0 ring mail (severely wounded, 84% to hit)
The blast of sand hits the orc!
You kill the orc!
Things that are here:
a +0 short sword; a +0 ring mail
There is a stone staircase leading up here.
You start resting.
Magic restored.
Unknown command.
You start resting.
HP restored.
You climb upwards.
There is a stone staircase leading down here.
You climb downwards.
There is a stone staircase leading up here.
Done exploring.
Search for what [Enter for "."]? .
There is a stone staircase leading down here.
You climb downwards.
There is a stone staircase leading up here.
Things that are here:
a +0 short sword; a +0 war axe; an orc corpse
Found 2 stones.
Found a robe.
An endoplasm comes into view.
Found a scroll labelled VUTOLY TOKE.
Aiming: Sandblast (safe; 3% risk of failure)
Press: ? - help, Q - select action Shift-Dir - straight line, f - you
Okay, then.
Are you sure you want to abandon this character and quit the game? (Confirm with "yes".)

### ..# #.#
#.# #### #.#
... #.#
#.(###.####.##
.......@...).#
.......####)<#
....... #..#
#[..... #..#
?...... #..#
....... #..#
#..###. #..#
J.. .. #..#
#..#


You could see an endoplasm (asleep).

Vanquished Creatures
  An orc priest (D:3)
  3 adders (D:2)
  A worm (D:2)
  3 dart slugs
  6 orcs
  6 ball pythons
  3 endoplasms
  4 hobgoblins
  3 jackals (D:2)
  7 kobolds
  3 quokkas
  4 bats
  3 frilled lizards
  6 goblins (D:1)
  7 rats
60 creatures vanquished.

Notes
Turn   | Place    | Note
-------+----------+-------------------------------------------
     0 | D:1      | mtoz the Gargoyle Earth Elementalist began the quest for
                  | the Orb.
     0 | D:1      | Reached XP level 1. HP: 10/10 MP: 3/3
   253 | D:1      | Reached skill level 1 in Transmutations
   253 | D:1      | Reached XP level 2. HP: 15/15 MP: 1/5
   642 | D:1      | Reached XP level 3. HP: 17/19 MP: 1/6
   858 | D:2      | Reached skill level 4 in Earth Magic
   938 | D:2      | Found a blossoming altar of Fedhas.
  1125 | D:2      | Reached XP level 4. HP: 24/24 MP: 5/7
  1965 | D:3      | Reached XP level 5. HP: 19/28 MP: 2/9
  2189 | D:3      | Quit the game

Illustrated notes

Levels and vault maps discovered:
D:1:      amcnicky_arrival_gap_in_the_tavern_cellar, layout_basic
D:2:      layout_rooms, basic_altar, minmay_misc_feat_encased,
          kennysheep_big_empty_room, serial_bayou_pond_d, grunt_ministairs_12,
          minmay_split_cup_small
D:3:      layout_loops_ring, hellmonk_ecumenical_altar_lost_god

Skill      XL: |  1  2  3  4 |
---------------+-------------+-----
Transmutations | 1 |  1.7
Earth Magic    | 4 |  4.4
Dodging        | 2 |  2.3
Stealth        | 3 |  3.2
Armour         | |  0.4
Spellcasting   | |  2.7

Action                   |  1- 3 |  4- 6 || total
-------------------------+-------+-------++-------
 Cast: Sandblast         |    51 |    41 ||    92
Armor: Robe              |     5 |     3 ||     8
       Leather armour    |       |     8 ||     8
Dodge: Dodged            |    18 |    20 ||    38
